 Dungeon Sprint DCSS version 0.23.0 (webtiles) character file.

Game seed: 3972160108486010129

19481 Infinimo the Minotaur Blade (level 12, 0/124 HPs)
             Began as a Minotaur Berserker on Feb 17, 2019.
             Was the Champion of Trog.
             Hit by a large rock thrown by a stone giant (38 damage)
             ... in the Dungeon (Sprint IX: "|||||||||||||||||||||||||||||").
             The game lasted 00:05:52 (2146 turns).

Infinimo the Minotaur Blade (Minotaur Berserker)    Turns: 2146, Time: 00:05:52

Health: 0/124      AC: 26    Str: 26    XL:     12   Next: 36%
Magic:  3/3        EV: 17    Int:  7    God:    Trog [******]
Gold:   1684       SH:  0    Dex: 11    Spells: 11/11 levels left

rFire    . . .     SeeInvis .   b - +2 triple sword (antimagic)
rCold    . . .     Gourm    .   (shield currently unavailable)
rNeg     . . .     Faith    .   o - +5 plate armour
rPois    .         Spirit   .   (helmet restricted)
rElec    .         Reflect  .   a - +0 cloak
rCorr    .         Harm     .   q - +0 pair of gloves
MR       .....     NoTele   +   (no boots)
Stlth    ..........             (no amulet)
HPRegen  0.30/turn              j - +2 ring of evasion
MPRegen  0.08/turn              p - +3 ring of intelligence

@: berserk cooldown, slowed, very slow
A: retaliatory headbutt, horns 2
a: Berserk, Trog's Hand, Brothers in Arms, Renounce Religion


You were in the Dungeon.
You worshipped Trog.
Trog was exalted by your worship.
You were very hungry.

You visited 1 branch You collected 1900 gold pieces.
You spent 216 gold pieces at shops.

Inventory:

Hand Weapons
 b - a +2 antimagic triple sword (weapon)
 n - a +1 double sword
Armour
 a - a +0 cloak (worn)
 o - a +5 plate armour (worn)
 q - a +0 pair of gloves (worn)
 y - a +1 large shield
Jewellery
 j - a +2 ring of evasion (left hand)
 p - a +3 ring of intelligence (right hand)
 t - an uncursed ring of protection from magic
 u - an uncursed ring of fire
 v - an uncursed ring of protection from cold
 w - an uncursed ring of fire
Wands
 m - a wand of iceblast (10)
Scrolls
 i - 4 scrolls of blinking
 l - 2 scrolls of remove curse
 r - 3 scrolls of identify
 s - 2 scrolls of fog
Potions
 d - 7 potions of curing
 e - 13 potions of heal wounds
 f - 2 potions of haste
 g - 4 potions of magic
 h - a potion of berserk rage
 k - a potion of invisibility
 x - a potion of resistance
 z - a potion of agility
Comestibles
 c - 12 rations


   Skills:
 + Level 16.8 Fighting
 * Level 22.2 Long Blades
 + Level 16.6 Armour
 + Level 15.4 Dodging


You had 11 spell levels left.
You didn't know any spells.
Your spell library was empty.

Dungeon Overview and Level Annotations

Branches:
Dungeon (1/1)

Altars:
Cheibriados
Dithmenos
Elyvilon
Fedhas
Gozag
Hepliaklqana
Kikubaaqudgha
Makhleb
Nemelex Xobeh
Okawaru
Qazlal
Ru
Sif Muna
Trog
Uskayaw
Vehumet
Wu Jian
Xom
Yredelemnul
Zin
The Shining One
Beogh
Jiyva
Lugonu

Shops:
D [!(:


Innate Abilities, Weirdness & Mutations

You reflexively headbutt those who attack you in melee.
You have a pair of horns on your head.


Message History

You headbutt the stone giant, but do no damage.
The stone giant is lightly wounded.
The stone giant hits you!!
The hell knight mumbles some strange words.
The hell knight blinks!
You headbutt the stone giant!!
The stone giant is heavily wounded.
You are feeling very hungry.
You riposte.
You headbutt the stone giant, but do no damage.
The stone giant is heavily wounded.
The stone giant is heavily wounded.
You headbutt the stone giant.
The stone giant is heavily wounded.
The stone giant hits you!!
You are too injured to fight recklessly!
You are too injured to fight recklessly!
You are too injured to fight recklessly!
The stone giant throws a large rock. x2; The large rock hits you!!!
You die...

▓▓▓▓▓▓▓▓▓▓▓▓▓▓▓▓▓▓▓▓▓▓▓▓▓
[.........(())††@)Cz{cQp.
▓▓▓▓▓▓▓▓▓▓▓▓▓▓▓▓▓▓▓▓▓▓▓▓▓▓▓▓▓▓▓▓▓
.................................
▓▓▓▓▓▓▓▓▓▓▓▓▓▓▓▓▓▓▓▓▓▓▓▓▓▓▓▓▓▓▓▓▓
.........)[..[.∩.∩)∩.∩)[...'.....
▓▓▓▓▓▓▓▓▓▓▓▓▓▓▓▓▓▓▓▓▓▓▓▓▓▓▓▓▓▓▓▓▓
........)........................
▓▓▓▓▓▓▓▓▓▓▓▓▓▓▓▓▓▓▓▓▓▓▓▓▓▓▓▓▓▓▓▓▓
÷†÷÷....).'÷÷÷.÷......('..[[.[..'


You could see a stone giant, a hell knight, a tengu warrior, a centaur warrior
and a wight.

Vanquished Creatures
  A stone giant (D)
  An ettin (D)
  A centaur warrior (D)
  Erica (D)
  A two-headed ogre (D)
  4 ogre magi (D)
  3 orc high priests (D)
  Urug (D)
  An iron troll (D)
  3 deep trolls (D)
  2 orc knights (D)
  2 ugly things (D)
  An orc sorcerer (D)
  2 spiny frogs (D)
  A rime drake (D)
  2 komodo dragons (D)
  6 trolls (D)
  A hippogriff (D)
  A yak (D)
  A shadow (D)
  Eustachio (D)
  A basilisk (D)
  3 wargs (D)
  3 porcupines (D)
  3 water moccasins (D)
  9 orc warriors (D)
  A black bear (D)
  A centaur (D)
  7 wolves (D)
  An ogre (D)
  3 crocodiles (D)
  2 bullfrogs (D)
  A gnoll sergeant (D)
  A scorpion (D)
  A crimson imp (D)
  A hound (D)
  An orc priest (D)
  6 orc wizards (D)
  2 adders (D)
  A leopard gecko (D)
  7 orcs (D)
  A bat skeleton (D)
  4 giant cockroaches (D)
  A bat (D)
98 creatures vanquished.

Notes
Turn   | Place    | Note
-------+----------+-------------------------------------------
     0 | D        | Infinimo the Minotaur Berserker began the quest for the
                  | Orb.
     0 | D        | Reached XP level 1. HP: 19/19 MP: 0/0
     6 | D        | Reached skill level 4 in Long Blades
     8 | D        | Reached ** piety under Trog
    43 | D        | Noticed a crimson imp
    43 | D        | Noticed a scorpion
    44 | D        | Reached XP level 2. HP: 27/27 MP: 1/1
    51 | D        | Killed a crimson imp
    51 | D        | Reached *** piety under Trog
    51 | D        | Reached skill level 5 in Fighting
    51 | D        | Reached skill level 6 in Long Blades
    51 | D        | Reached XP level 3. HP: 31/36 MP: 2/2
    70 | D        | Killed a scorpion
    70 | D        | Reached skill level 7 in Long Blades
    70 | D        | Reached skill level 5 in Armour
    70 | D        | Reached XP level 4. HP: 30/44 MP: 3/3
   249 | D        | Found a roughly hewn altar of Beogh.
   249 | D        | Found a snail-covered altar of Cheibriados.
   249 | D        | Found a shadowy altar of Dithmenos.
   249 | D        | Found a white marble altar of Elyvilon.
   249 | D        | Found a blossoming altar of Fedhas.
   249 | D        | Found an opulent altar of Gozag.
   250 | D        | Found a hazy altar of Hepliaklqana.
   251 | D        | Found a viscous altar of Jiyva.
   252 | D        | Found an ancient bone altar of Kikubaaqudgha.
   253 | D        | Found a corrupted altar of Lugonu.
   254 | D        | Found a burning altar of Makhleb.
   255 | D        | Found a sparkling altar of Nemelex Xobeh.
   256 | D        | Found an iron altar of Okawaru.
   257 | D        | Found a stormy altar of Qazlal.
   258 | D        | Found a sacrificial altar of Ru.
   259 | D        | Found a deep blue altar of Sif Muna.
   260 | D        | Found a bloodstained altar of Trog.
   261 | D        | Found a hide-covered altar of Uskayaw.
   262 | D        | Found a radiant altar of Vehumet.
   263 | D        | Found an ornate altar of the Wu Jian Council.
   264 | D        | Found a shimmering altar of Xom.
   265 | D        | Found a basalt altar of Yredelemnul.
   266 | D        | Found a glowing silver altar of Zin.
   267 | D        | Found a glowing golden altar of the Shining One.
   325 | D        | Noticed a bullfrog
   325 | D        | Noticed an ogre
   328 | D        | Killed a bullfrog
   328 | D        | Reached **** piety under Trog
   328 | D        | Reached skill level 8 in Long Blades
   328 | D        | Reached skill level 5 in Dodging
   328 | D        | Reached XP level 5. HP: 51/51 MP: 4/4
   335 | D        | Reached skill level 9 in Long Blades
   337 | D        | Killed an ogre
   338 | D        | Reached skill level 10 in Long Blades
   338 | D        | Reached XP level 6. HP: 61/61 MP: 5/5
   339 | D        | Reached ***** piety under Trog
   340 | D        | Received a gift from Trog
   359 | D        | Noticed a troll
   359 | D        | Noticed an orc warrior
   359 | D        | Noticed a yak
   382 | D        | Killed a troll
   382 | D        | Reached skill level 11 in Long Blades
   382 | D        | Reached XP level 7. HP: 70/70 MP: 6/6
   385 | D        | Reached skill level 12 in Long Blades
   393 | D        | Received a gift from Trog
   399 | D        | Killed a yak
   399 | D        | Reached skill level 13 in Long Blades
   542 | D        | Noticed a spiny frog
   544 | D        | Reached skill level 10 in Fighting
   544 | D        | Reached XP level 8. HP: 79/79 MP: 7/7
   544 | D        | Noticed a hippogriff
   548 | D        | Killed a spiny frog
   548 | D        | Reached skill level 10 in Armour
   549 | D        | Reached skill level 14 in Long Blades
   550 | D        | Received a gift from Trog
   562 | D        | Killed a hippogriff
   562 | D        | Reached skill level 10 in Dodging
   565 | D        | Reached skill level 15 in Long Blades
   565 | D        | Reached XP level 9. HP: 89/89 MP: 8/8
   646 | D        | Noticed a spiny frog
   648 | D        | Noticed a komodo dragon
   649 | D        | Received a gift from Trog
   655 | D        | Noticed a rime drake
   657 | D        | Killed a spiny frog
   661 | D        | Reached skill level 16 in Long Blades
   664 | D        | Killed a komodo dragon
   667 | D        | Killed a rime drake
   667 | D        | Reached ****** piety under Trog
   774 | D        | Received a gift from Trog
   781 | D        | Reached XP level 10. HP: 100/100 MP: 3/9
   784 | D        | Reached skill level 17 in Long Blades
   813 | D        | Got a shimmering great sword {god gift}
   814 | D        | Identified the +5 great sword "Ramul" {flame, rC+ Int+2
                  | Dex+3} (Trog gifted it to you in the Dungeon)
   863 | D        | Noticed Urug
   884 | D        | Killed Urug
   983 | D        | Noticed Erica
   992 | D        | Killed Erica
  1134 | D        | Received a gift from Trog
  1148 | D        | Noticed an orc high priest
  1155 | D        | Received a gift from Trog
  1155 | D        | Reached skill level 18 in Long Blades
  1165 | D        | Killed an orc high priest
  1230 | D        | Noticed an orc high priest
  1230 | D        | Noticed an orc knight
  1230 | D        | Noticed an orc sorcerer
  1236 | D        | Noticed a soul eater
  1244 | D        | Received a gift from Trog
  1247 | D        | Killed an orc high priest
  1250 | D        | Noticed an orc knight
  1257 | D        | Killed an orc knight
  1260 | D        | Killed an orc sorcerer
  1260 | D        | Reached skill level 19 in Long Blades
  1260 | D        | Reached XP level 11. HP: 81/111 MP: 3/10
  1260 | D        | Noticed an orc high priest
  1322 | D        | Killed an orc knight
  1330 | D        | Received a gift from Trog
  1458 | D        | Killed an orc high priest
  1509 | D        | Found Zaaclim's Antique Armour Emporium.
  1509 | D        | Noticed a deep troll
  1509 | D        | Noticed an ogre mage
  1509 | D        | Noticed an ogre mage
  1509 | D        | Noticed a deep troll
  1509 | D        | Noticed an iron troll
  1512 | D        | Noticed a deep troll
  1514 | D        | Killed a deep troll
  1521 | D        | Killed an ogre mage
  1521 | D        | Reached skill level 15 in Fighting
  1524 | D        | Killed an iron troll
  1524 | D        | Reached skill level 20 in Long Blades
  1524 | D        | Reached skill level 15 in Armour
  1528 | D        | Killed an ogre mage
  1528 | D        | Received a gift from Trog
  1531 | D        | Killed a deep troll
  1533 | D        | Killed a deep troll
  1542 | D        | Found Cekyur's Distillery.
  1655 | D        | Found Use Gead's Antique Weapon Emporium.
  1657 | D        | Noticed an ogre mage
  1658 | D        | Found Westryfad's Book Shoppe.
  1659 | D        | Noticed an ogre mage
  1663 | D        | Killed an ogre mage
  1663 | D        | Received a gift from Trog
  1679 | D        | Killed an ogre mage
  1679 | D        | Reached skill level 21 in Long Blades
  1876 | D        | Bought a twisted scale mail for 216 gold pieces
  1890 | D        | Identified the cursed +1 scale mail "Byimu" {rElec rPois
                  | MR+++ Str-4} (You bought it in a shop in the Dungeon)
  1973 | D        | Noticed Eustachio
  1977 | D        | Killed Eustachio
  2110 | D        | Noticed a centaur warrior
  2110 | D        | Noticed a brown ugly thing
  2111 | D        | Noticed a two-headed ogre
  2117 | D        | Killed a centaur warrior
  2117 | D        | Received a gift from Trog
  2117 | D        | Reached XP level 12. HP: 122/122 MP: 3/11
  2121 | D        | Noticed a stone giant
  2124 | D        | Noticed an ettin
  2127 | D        | Reached skill level 15 in Dodging
  2129 | D        | Killed a two-headed ogre
  2129 | D        | Noticed a stone giant
  2131 | D        | Noticed a centaur warrior
  2134 | D        | Killed a stone giant
  2137 | D        | Killed an ettin
  2137 | D        | Received a gift from Trog
  2137 | D        | Reached skill level 22 in Long Blades
  2138 | D        | Noticed a tengu warrior
  2146 | D        | Hit by a large rock thrown by a stone giant

Skill      XL: |  1  2  3  4  5  6  7  8  9 10 11 12 |
---------------+-------------------------------------+-----
Long Blades    | 4 6 7 8 10 11 13 15 16 19 21 22 | 22.2
Fighting       | 4 5 6 7 9 10 11 12 14 16 | 16.8
Armour         | 3 4 5 6 7 8 9 11 12 14 16 | 16.6
Dodging        | 3 4 5 6 7 8 10 11 13 14 15 | 15.4

Action                   |  1- 3 |  4- 6 |  7- 9 | 10-12 || total
-------------------------+-------+-------+-------+-------++-------
Melee: Falchion          |    21 |     1 |       |       ||    22
       Headbutt          |     1 |     4 |    14 |    36 ||    55
       Scimitar          |       |    16 |    34 |       ||    50
       Great sword       |       |       |    25 |    38 ||    63
       Triple sword      |       |       |       |   115 ||   115
Invok: Berserk           |     2 |     2 |     3 |     7 ||    14
  Use: Scroll            |       |       |     2 |     6 ||     8
  Eat: Chunk             |       |     1 |     4 |    11 ||    16
Armor: Animal skin       |     2 |       |       |       ||     2
       Plate armour      |       |     8 |     9 |    55 ||    72
Dodge: Dodged            |     8 |    11 |    21 |    62 ||   102
       Rpst.: Scimitar   |       |     4 |     2 |       ||     6
       Great sword       |       |       |     5 |     3 ||     8
       Triple sword      |       |       |       |    12 ||    12
